 Dungeon Crawl Stone Soup version 0.28-a0-973-ga7f8b01127 (webtiles) character file.

Game seed: 16778437724257432966

341 demibob the Slasher (level 6, -2/50 HPs)
             Began as a Palentonga Fighter on Dec 2, 2021.
             Slain by an iguana (11 damage)
             ... on level 5 of the Dungeon.
             The game lasted 00:05:12 (4737 turns).

demibob the Slasher (Palentonga Fighter)            Turns: 4737, Time: 00:05:13

Health: -2/50      AC:  6    Str: 20    XL:     6   Next: 30%
Magic:  6/6        EV:  7    Int:  8    God:
Gold:   131        SH:  5    Dex: 17    Spells: 5/5 levels left

rFire   . . .      SeeInvis +   a - +0 long sword
rCold   . . .      Faith    .   c - +0 buckler
rNeg    . . .      Spirit   .   b - +0 scale mail
rPois   .          Reflect  .   (no helmet)
rElec   .          Harm     .   (no cloak)
rCorr   .          Rampage  .   (no gloves)
Will    .....                   (no barding)
Stlth   ..........              (no amulet)
HPRegen 0.16/turn               D - +6 ring of dexterity
MPRegen 0.10/turn               L - ring of flight

@: flying
A: large, rugged brown scales 3, see invisible, deformed body, roll 1, armoured
tail
a: Rolling Charge


You were on level 5 of the Dungeon.
You visited 1 branch of the dungeon, and saw 5 of its levels.

You collected 131 gold pieces.


Innate Abilities, Weirdness & Mutations

You are completely covered in rugged brown scales. (AC +3, +7% HP)
You have supernaturally acute eyesight. (SInv)
Armour fits poorly on your strangely shaped body.
You can roll at nearby foes to attack.
You have a long armoured tail.


   Skills:
 - Level 3.0 Fighting
 + Level 6.8 Long Blades
 - Level 2.4 Armour
 - Level 2.4 Shields


You had 5 spell levels left.
You didn't know any spells.
Your spell library contained the following spells:

 Spells                   Type           Power      Damage    Failure   Level
 Animate Skeleton         Necr           0%         N/A       77%         1
 Freeze                   Ice            0%         1d3       77%         1
 Magic Dart               Conj           0%         1d3       77%         1
 Call Imp                 Summ           0%         N/A       88%         2
 Conjure Flame            Conj/Fire      0%         6-21      98%         3
 Frozen Ramparts          Ice            0%         1d2       98%         3
 Ignite Poison            Fire/Tmut/Pois 0%         N/A       98%         3
 Mephitic Cloud           Conj/Pois/Air  0%         N/A       98%         3
 Ozocubu's Armour         Ice            0%         N/A       98%         3
 Hailstorm                Conj/Ice       0%         3d3       100%        4
 Olgreb's Toxic Radiance  Pois           0%         N/A       100%        4
 Sticky Flame             Conj/Fire      0%         2d3       100%        4
 Ozocubu's Refrigeration  Ice            0%         4d5       100%        7
 Ignition                 Fire           0%         3d3       100%        8

Inventory:

Hand Weapons
 a - a +0 long sword (weapon)
Missiles
 e - 2 throwing nets {=f}
Armour
 b - a +0 scale mail (worn)
 c - a +0 buckler (worn)
Jewellery
 D - a +6 ring of dexterity (left hand)
 L - a ring of flight (right hand)
Wands
 n - a wand of polymorph (7)
Scrolls
 f - a scroll of blinking
 g - 7 scrolls of identify {@r1}
 j - a scroll of enchant weapon {unknown}
 m - 3 scrolls of torment
Potions
 d - a potion of might
 h - 2 potions of ambrosia
 i - 3 potions of lignification
 k - a potion of magic
 o - a potion of curing {@q1}
 p - a potion of mutation

Dungeon Overview and Level Annotations

Branches:
Dungeon (5/15)
 Temple: D:4-7

Altars:
Cheibriados
Qazlal
Sif Muna
Xom

#......░░.░░..
#............. .
#...░░..░░░.... ..l
###...░░.░░░.....
....#####.░░.......░░.░..
..........░...........░░░
░..)........[.......░.
░....░l░.░...........░░
░..░░░@░.░░..........░.
░░ ░░°.........░.....
░░.░░...###.....#
░.░░...# #.....#
░░░░░..###.....#
░░.......... ░..........
░......⚑... ░░.........


You could see an iguana.


Message History

The orc hits you but does no damage.
You hit the orc.
Your tail-slap misses the orc.
The orc is almost dead.
The orc hits you with a +0 flail.
You hit the orc.
You kill the orc!
The orc wizard casts a spell at you. You resist with some effort.
Use which ability? (? or * to list) Roll where?
Press: ? - help, Dir - move target, f - orc wizard
Aim: an orc wizard, wielding a +0 dagger and wearing a +0 robe (slightly transparent)
You roll forward with a clatter of scales!
You slash the orc wizard!
The orc wizard is severely wounded.
The orc wizard points at you and mumbles some strange words.
The puff of flame hits you!
* * * LOW HITPOINT WARNING * * *
You barely miss the orc wizard. You tail-slap the orc wizard.
You kill the orc wizard!
You hit the iguana.
You tail-slap the iguana, but do no damage.
The iguana is lightly wounded.
The iguana bites you!
* * * LOW HITPOINT WARNING * * *
You closely miss the iguana.
You tail-slap the iguana, but do no damage.
The iguana is lightly wounded.
The iguana bites you!
You die...

Skill      XL: |  1  2  3  4  5 |
---------------+----------------+-----
Long Blades    | 3 4 5 6 |  6.8
Fighting       | |  3.0
Armour         | |  2.4
Shields        | |  2.4

Action                   |  1- 3 |  4- 6 || total
-------------------------+-------+-------++-------
Melee: Long sword        |   109 |    98 ||   207
       Tailslap          |    12 |    19 ||    31
 Abil: Rolling Charge    |       |     4 ||     4
  Use: Scroll            |       |    12 ||    12
       Potion            |       |     1 ||     1
 Stab: Fleeing           |       |     1 ||     1
Armor: Scale mail        |    72 |    22 ||    94
Dodge: Dodged            |    48 |    32 ||    80
Block: Buckler           |    27 |    17 ||    44

Levels and vault maps discovered:
D:1:      dpeg_arrival_short_road, layout_basic,
          shapermc_ecumenical_altar_rom_forum, minmay_pentomino_t4
D:2:      layout_loops_ring, minmay_bisected
D:3:      layout_loops_ring, overflow_temple_1_default, nrook_mini_vaults
D:4:      layout_cave_pools, lemuel_tele_altar, serial_bayou_crossing
D:5:      kennysheep_steamy, layout_cave_pools,
          nicolae_qazlal_scattered_showers, slow_altar_1

Notes
Turn   | Place    | Note
-------+----------+-------------------------------------------
     0 | D:1      | demibob the Palentonga Fighter began the quest for the Orb.
     0 | D:1      | Reached XP level 1. HP: 19/19 MP: 1/1
   119 | D:1      | Reached XP level 2. HP: 24/25 MP: 2/2
   168 | D:1      | Reached skill level 3 in Long Blades
   622 | D:1      | Found a faded altar of an unknown god.
   635 | D:1      | Got Plato's Compendium of Dark Magic
   733 | D:1      | Reached XP level 3. HP: 29/31 MP: 3/3
  1798 | D:2      | Reached skill level 4 in Long Blades
  2048 | D:2      | Reached XP level 4. HP: 14/37 MP: 4/4
  2759 | D:3      | Found a shimmering altar of Xom.
  3555 | D:4      | Reached skill level 5 in Long Blades
  3953 | D:4      | Found a shimmering blue altar of Sif Muna.
  4015 | D:5      | Entered Level 5 of the Dungeon
  4120 | D:5      | Found a stormy altar of Qazlal.
  4130 | D:5      | Reached XP level 5. HP: 23/38 MP: 5/5
  4634 | D:5      | Noticed a black bear
  4637 | D:5      | Killed a black bear
  4638 | D:5      | Reached skill level 6 in Long Blades
  4638 | D:5      | Reached XP level 6. HP: 48/50 MP: 6/6
  4690 | D:5      | Found a snail-covered altar of Cheibriados.
  4737 | D:5      | Slain by an iguana

Vanquished Creatures
  A black bear (D:5)
  A howler monkey (D:4)
  A gnoll shaman (D:5)
  An iron imp (D:5)
  An orc wizard (D:5)
  An adder (D:2)
  4 gnolls (D:5)
  An adder skeleton (D:4)
  3 worms
  4 dart slugs
  2 orcs (D:5)
  4 bats
  5 endoplasms
  A giant cockroach (D:2)
  2 goblins (D:1)
  7 hobgoblins
  7 jackals
  4 kobolds
  4 quokkas
  7 ball pythons
  3 frilled lizards
  3 rats (D:1)
67 creatures vanquished.

Table legend: (Time is in decaauts)
 A = Elapsed time spent in this place.
 B = Non-inter-level travel time spent in this place.
 C = Inter-level travel time spent in this place.
 D = Time resting spent in this place.
 E = Time spent auto-exploring this place.
 F = Levels seen in this place.
 G = Mean time per level.
                   A        B        C        D        E       F      G
               +--------+--------+--------+--------+--------+-----+--------+
         Total |   4775 |   4664 |    111 |   1293 |   2766 |   5 |  955.0 |
       Dungeon |   4775 |   4664 |    111 |   1293 |   2766 |   5 |  955.0 |
               +--------+--------+--------+--------+--------+-----+--------+

Top non-repeatable levels by time:
     D:1: 1551 daAuts
     D:2: 1152 daAuts
     D:3: 809 daAuts
     D:5: 726 daAuts
     D:4: 534 daAuts

Table legend:
 A = Non-vault XP
 B = Vault XP
 C = Vault XP percentage of total XP
 D = Non-vault monster count
 E = Vault monster count
 F = Vault count percentage of total count
                 A         B        C        D         E       F
            +---------+---------+-------+---------+---------+-------
      Total |     432 |      56 |  11.5 |      59 |       8 |  11.9
            +---------+---------+-------+---------+---------+-------
        D:1 |      40 |       5 |  11.1 |      20 |       4 |  16.7
        D:2 |      53 |      11 |  17.2 |      19 |       3 |  13.6
        D:3 |      10 |       0 |   0.0 |       5 |       0 |   0.0
        D:4 |      63 |       0 |   0.0 |       6 |       0 |   0.0
        D:5 |     266 |      40 |  13.1 |       9 |       1 |  10.0
            +---------+---------+-------+---------+---------+-------
